 Dungeon Crawl Stone Soup version 0.23.0 (webtiles) character file.

Game seed: 4983955279800882675

67 Dradeus the Shooter (level 3, -8/29 HPs)
             Began as a Centaur Hunter on Feb 17, 2019.
             Mangled by Sigmund
             ... wielding a +0 scythe
              (9 damage)
             ... on level 3 of the Dungeon.
             The game lasted 00:10:38 (2283 turns).

Dradeus the Shooter (Centaur Hunter)                Turns: 2283, Time: 00:10:39

Health: -8/29      AC:  5    Str: 14    XL:     3   Next: 98%
Magic:  3/3        EV:  8    Int: 10    God:
Gold:   167        SH:  0    Dex: 10    Spells: 2/2 levels left

rFire    . . .     SeeInvis .   a - +1 shortbow
rCold    . . .     Gourm    .   (shield currently unavailable)
rNeg     . . .     Faith    .   h - +0 ring mail
rPois    .         Spirit   .   (no helmet)
rElec    .         Reflect  .   (no cloak)
rCorr    .         Harm     .   (no gloves)
MR       .....                  (no barding)
Stlth    ..........             (no amulet)
HPRegen  0.09/turn              (no ring)
MPRegen  0.08/turn              (no ring)

@: about to teleport, very quick
A: large, hooves 3, deformed body, speed 2, tough skin 3
a: no special abilities


You were on level 3 of the Dungeon.
You were not hungry.

You visited 1 branch of the dungeon, and saw 3 of its levels.

You collected 167 gold pieces.

Inventory:

Hand Weapons
 a - a +1 shortbow (weapon)
 b - a +0 short sword
 g - a +0 dagger
 u - a +0 whip
Missiles
 d - 20 arrows (quivered)
 j - 58 bolts
 q - 8 needles of frenzy
Armour
 c - a +0 leather armour
 h - a +0 ring mail (worn)
 n - a +0 chain mail
 p - a +0 ring mail
 v - a +0 robe
Scrolls
 e - 5 scrolls of identify
 m - a scroll of enchant armour
 o - 3 scrolls of teleportation
 r - a scroll of fear {unknown}
 s - 2 scrolls of amnesia {unknown}
 t - a scroll of magic mapping {unknown}
Potions
 k - a potion of flight {unknown}
 l - 2 potions of heal wounds {unknown}
 w - a potion of degeneration {unknown}
Comestibles
 f - 3 rations
 i - 3 chunks of flesh


   Skills:
 * Level 2.1 Fighting
 + Level 0.5 Short Blades
 * Level 7.1 Bows
 + Level 1.4 Dodging
 - Level 0.4 Stealth


You had 2 spell levels left.
You didn't know any spells.
Your spell library was empty.

Dungeon Overview and Level Annotations

Branches:
Dungeon (3/15)

Altars:

Annotations:
D:3 Robin, Sigmund


Innate Abilities, Weirdness & Mutations

You have hooves in place of feet.
Armour fits poorly on your strangely shaped body.
You cover ground very quickly.
You have extremely tough skin. (AC +3)


Message History

Okay, then.
As you read the scroll labeled ZUWNYE MEGAI, it crumbles to dust.
It is a scroll of identify.
m - a scroll of enchant armour The goblin hits you with a +0 club.
* * * LOW HITPOINT WARNING * * *
Robin hits you but does no damage. What are your orders? t - Shout!
Orders for allies: a - Attack new target. p - Attack previous target. r - Retreat! s - Stop attacking. g - Guard the area. f - Follow me.
Anything else - Cancel.
Okay, then.
As you read the scroll labeled GUOLASO MUCLU, it crumbles to dust.
You feel strangely unstable.
It was a scroll of teleportation.
The goblin no longer looks unusually strong.
A goblin comes into view. It is wielding a +0 club.
Something hits you!
You die...

##.# #.# #.#
#(# #. #.# .
#. #.# ..
#.# #.#
..g#..# #g#
g.....####
#@#
#......###g#
#....(g((g{#
#...((..#..#
#..#####(.(#
...$ #.#.##
#### #.##.#
#.# #.. #.
####


You could see Robin and 2 goblins.

Vanquished Creatures
  An ooze (D:2)
  2 worms
  4 giant cockroaches
  13 goblins
  8 hobgoblins
  4 jackals (D:2)
  7 kobolds
  5 bats
  4 frilled lizards
  5 rats
53 creatures vanquished.

Notes
Turn   | Place    | Note
-------+----------+-------------------------------------------
     0 | D:1      | Dradeus the Centaur Hunter began the quest for the Orb.
     0 | D:1      | Reached XP level 1. HP: 17/17 MP: 1/1
   217 | D:1      | Reached XP level 2. HP: 24/24 MP: 2/2
   467 | D:1      | Reached skill level 6 in Bows
  1126 | D:2      | Reached XP level 3. HP: 26/29 MP: 3/3
  2173 | D:3      | Reached skill level 7 in Bows
  2252 | D:3      | Noticed Robin
  2255 | D:3      | Noticed Sigmund
  2282 | D:3      | HP: 1/29 [goblin/+0 club[Robin] (4)]
  2283 | D:3      | Mangled by Sigmund

Skill      XL: |  1  2  3 |
---------------+----------+-----
Bows           | 6 7 |  7.1
Fighting       | |  2.1
Short Blades   | |  0.5
Dodging        | |  1.4
Stealth        | |  0.4

Action                   || total
-------------------------++-------
 Fire: Shortbow          ||   182
  Use: Scroll            ||     2
  Eat: Chunk             ||     2
Armor: Leather armour    ||     9
       Ring mail         ||    31
Dodge: Dodged            ||    47
